Yev-Ruu, chaotic female vampiric Convict ---- --- |..| -----.-- ----- |..-- --......--- --...--- ---- ---- --..--------- |.........-- |......| |..------..-----.....|..|.------------ --....(....-- --.....| |........%........[..................| |-.........| ---.|..-- |.--------.---..............-----....--- ----.........-- |...|--- |.|------)%.--...........---- ----...-- --......^....-- ---.--- |.||..<|.--.......--...--- |....-- |.........---- |...| |*--.%...-----....-- ----- ---...|----. |.....%...| ---.--- |.........| ---...| ----|...-- |...--...- |--......-- |...| --........| |...| --..--...^----........| --|.....).-- -----.--- --.....--- |-).| |...........|........-----.|.|....-- |.....|---- --....| |..-- --.........._................|...)-- |...--|...| --...| --.| |.........@......-------...-......-----..---...| --.-- .-- ---........>................(......^.............| --- |...............---------...-........-------.....| |.........--...-- |.............| --...--- ---.......|----- ---..........-- |....| ----.---- --*|.--.|.-- |..--- --- ---------- ---- Yev-Ruu the Jail-bird Experience level: 6 Strength: 13 Dexterity: 11 Constitution: 20 Intelligence: 11 Wisdom: 10 Charisma: 10 Health: 64(64) Energy: 38(38) AC: 7 Gold: 203 Moves: 1594 Your Inventory: Coins $ - 203 gold pieces Armor b - a cursed +0 striped shirt (being worn) d - an [uncursed] +0 iron skull cap [orcish helm] (being worn) q - a cursed +0 hooded cloak [dwarvish] (being worn) s - a cursed +0 pair of hard shoes [iron] (being worn) Potions k - an uncursed potion of extra healing Rings f - an uncursed ring of see invisible Tools e - an [uncursed] leash j - an [uncursed] partly used [wax] candle n - 2 [uncursed tallow] candles p - an [uncursed] skeleton key Gems o - an [uncursed] yellowish brown gem [worthless glass] Iron balls c - an [uncursed] heavy iron ball (chained to you) (weapon in hand) Spells known in the end: Name Level Category Fail Memory Your skills at the end: Fighting Skills Weapon Skills sling [Basic / Skilled] Spellcasting Skills Final Attributes: You were devoutly aligned. Hunger level was 45. Your alignment was 17 / 17. Monster difficulty range was 0 - 4. Level difficulty was 3. You were immune to level-drain. You were immune to sickness. You were punished. You could fly. You could survive without air. You regenerated. You were unlucky (-3). Tymora was angry with you (1). You survived. Vanquished creatures: a gnome lord a little dog a kitten 3 dwarves a hobbit a hobgoblin a yellow mold a green mold 14 gnomes a fox 2 goblins a grid bug 4 lichens a newt 33 creatures vanquished. Voluntary challenges: You went without food. You never hit with a wielded weapon. You read items or engraved 2 times. You put on armor 4 times. You never genocided any monsters. You never polymorphed an object. You never changed form. You used no wishes. You abstained from Elbereth's help. You never encountered a bones level. You never used any Sokoban shortcuts. Dungeon overview: The Dungeons of Doom: levels 1 to 2 Level 1 a long staircase Level 2 a fountain stairs to The Gnomish Mines The Gnomish Mines: Level 3 <- You were here stairs to The Dungeons of Doom History has recorded: On T:1 you entered the Dungeons of Doom to retrieve the Amulet of Yendor! On T:289 you advanced to experience level 2. On T:669 you reached level 2 of The Dungeons of Doom. On T:906 you advanced to experience level 3. On T:1041 you reached level 1 of The Gnomish Mines. On T:1046 you advanced to experience level 4. On T:1151 you advanced to experience level 5. On T:1564 you advanced to experience level 6. Latest messages: The dwarf hits! You kill the dwarf! Welcome to experience level 6. [HP+10=61] $ - 6 gold pieces. [HP+1=62] Where do you want to travel to? [HP+1=63] Hit points restored. [HP+1=64] You are beginning to feel weak. Where do you want to travel to? You are hit by a crude dagger. You begin praying to Tymora. You finish your prayer. You feel that Tymora is displeased. [3 turns] You are already wielding that! Final status: Goodbye Yev-Ruu the Convict... You quit in The Gnomish Mines on dungeon level 3 with 1083 points, and 203 pieces of gold, after 1594 moves. You were level 6 with a maximum of 64 hit points when you quit.